Map: Nightshade LE

Players

goblin

  • Race: Protoss Protoss
  • Spawn Location: 11:00

Bly - Winner!

  • Race: Zerg Zerg
  • Spawn Location: 5:00

Event: IEM Katowice 2020

VOD

Have the link to the VOD?

Description

Time

  • Played on: Feb. 24, 2020, 9:36 a.m.
  • Length: 6:45

All games in this series

Show
View Real Time Build Order
Export as new Build Order

goblin Protoss 

Build Orders:  

Get SALT Encoding   

  12  0:00  Probe  
  13  0:12  Probe  
  14  0:19  Pylon  
  14  0:24  Probe  
  15  0:37  Probe (Chrono Boost)  
  15  0:38  Gateway  
  16  0:46  Probe (Chrono Boost), Assimilator  
  17  0:51  Probe  
  19  1:04  Probe  
  19  1:09  Pylon  
  19  1:22  Probe  
  20  1:31  Cybernetics Core  
  20  1:33  Forge  
  20  1:36  Pylon  
  20  1:45  Zealot  
  22  1:52  Probe  
  23  1:54  Pylon  
  23  2:18  Nexus  
  23  2:21  Assimilator  
  23  2:26  Probe  
  24  2:32  Stalker  
  26  2:39  Probe (Chrono Boost)  
  27  2:45  Warp Gate  
  27  2:49  Pylon  
  27  2:51  Probe (Chrono Boost)  
  28  2:56  Probe (Chrono Boost)  
  29  3:05  Probe  
  30  3:17  Probe, Gateway  
  31  3:29  Probe (Chrono Boost)  
  31  3:31  Probe (Chrono Boost)  
  31  3:32  Stargate  
  33  3:39  Probe (Chrono Boost)  
  33  3:40  Probe (Chrono Boost)  
  35  3:45  Probe x2 (Chrono Boost)  
  37  3:55  Sentry  
  39  3:57  Probe (Chrono Boost)  
  39  4:01  Probe (Chrono Boost)  
  41  4:03  Probe (Chrono Boost)  
  41  4:08  Probe  
  43  4:11  Probe  
  43  4:15  Pylon  
  44  4:17  Phoenix (Chrono Boost)  
  44  4:20  Probe  
  44  4:23  Probe  
  48  4:27  Twilight Council  
  48  4:28  Robotics Facility  
  48  4:32  Probe  
  48  4:34  Assimilator  
  48  4:35  Assimilator  
  48  4:36  Probe, Pylon  
  50  4:45  Probe, Phoenix (Chrono Boost)  
  50  4:48  Probe  
  54  4:55  Gateway x2  
  54  4:59  Pylon  
  54  5:01  Charge (Chrono Boost)  
  54  5:11  Gateway x2  
  54  5:15  Gateway  
  54  5:16  Gateway  
  54  5:19  Phoenix  
  56  5:24  Warp Prism (Chrono Boost)  
  58  5:34  Zealot x2  
  62  5:44  Phoenix  
  64  5:57  Templar Archives  
  64  5:59  Zealot x2  
  64  6:03  Pylon  
  68  6:05  Pylon  
  68  6:07  Pylon  
  68  6:19  Zealot x4  
  68  6:20  Zealot  
  74  6:31  Zealot x3  
Show
View Real Time Build Order
Export as new Build Order

Bly Zerg - Winner!

Build Orders: 3 Hatch before Pool 

Get SALT Encoding   

  12  0:01  Drone  
  13  0:12  Overlord  
  13  0:20  Drone  
  14  0:31  Drone x2  
  16  0:44  Drone  
  17  1:00  Hatchery  
  17  1:01  Drone  
  17  1:11  Drone  
  18  1:24  Hatchery  
  18  1:25  Extractor  
  16  1:30  Drone  
  17  1:40  Spawning Pool  
  17  1:44  Evolution Chamber  
  17  1:45  Drone x3  
  19  1:59  Drone  
  20  2:07  Hatchery  
  20  2:29  Zergling x4  
  22  2:30  Metabolic Boost  
  22  2:32  Overlord  
  22  2:37  Queen  
  24  2:45  Queen  
  26  2:57  Drone x2  
  26  2:58  Drone x2  
  30  3:03  Drone x2  
  32  3:11  Overlord  
  32  3:18  Queen  
  34  3:25  Drone x3  
  37  3:31  Overlord  
  36  3:35  Drone x3  
  39  3:42  Overlord  
  39  3:43  Drone  
  40  3:56  Drone  
  40  3:57  Drone x5  
  40  4:00  Queen  
  40  4:02  Pneumatized Carapace  
  48  4:08  Zergling x6  
  51  4:14  Overlord  
  51  4:17  Queen  
  51  4:21  Drone x2  
  55  4:28  Drone x4  
  55  4:29  Drone  
  60  4:34  Overlord x2  
  60  4:44  Extractor x2  
  60  4:45  Overlord x2  
  58  4:46  Roach Warren  
  57  4:54  Drone x5  
  57  4:59  Drone  
  63  5:05  Overlord  
  63  5:15  Overlord  
  63  5:21  Overlord  
  63  5:22  Queen x2  
  67  5:31  Roach x9  
  85  5:38  Overlord  
  85  5:43  Roach x4  
  85  5:46  Queen  
  85  5:47  Overlord  
  85  5:49  Overlord  
  94  5:51  Overlord  
  94  5:54  Overlord  
  94  6:02  Roach x4  
  102  6:06  Overlord  
  102  6:07  Overlord  
  102  6:08  Drone  
  102  6:10  Ravager x2  
  102  6:11  Ravager  
  106  6:13  Zergling x4  
  108  6:20  Zergling x8  

Tags
 
Add a new tag
Caveats
  • Supply blocks, unpowered buildings, or Contaminate may cause inaccurate times.
  • Supply counts are checked every 10 seconds.